[Event "Early-Titled-Tuesday-Blitz-March-05-2024"]
[Site "Chess.com"]
[Date "2024.03.05"]
[Round "10"]
[White "Ducke13"]
[Black "IM_ArthurDW08"]
[Result "1/2-1/2"]
[WhiteElo "2393"]
[BlackElo "2752"]
[TimeControl "180+1"]
[EndTime "9:57:27 PST"]
[Termination "Game drawn by repetition"]

1. Nf3 d6 2. c4 e5 3. Nc3 f5 4. d3 g6 5. g3 Bg7 6. Bg2 Ne7 7. O-O O-O 8. Rb1 c6 9. b4 d5 10. Qc2 e4 11. Nd2 Nd7 12. cxd5 cxd5 13. dxe4 fxe4 14. Qb3 e3 15. Nxd5 exf2+ 16. Kh1 Kh8 17. Nf4 Ne5 18. Ne4 Bf5 19. Bb2 Qb6 20. Ng5 Bxb1 21. Rxb1 Nf5 22. Nfe6 Ne3 23. Nxg7 f1=Q+ 24. Rxf1 Rxf1+ 25. Bxf1 Rf8 26. Nf5 Rxf5 27. Bxe5+ Rxe5 28.
Nf7+ Kg7 29. Nxe5 Qf6 30. Qxe3 Qxf1+ 31. Qg1 Qxe2 32. Qa1 Qe4+ 33. Kg1 Qe3+ 34. Kg2 Qe4+ 35. Kg1 Qe3+ 36. Kg2 Qe2+ 37. Kg1 Qe3+ 1/2-1/2

[Event "Early-Titled-Tuesday-Blitz-March-05-2024"]
[Site "Chess.com"]
[Date "2024.03.05"]
[Round "10"]
[White "Semetey"]
[Black "Joachim100x"]
[Result "0-1"]
[WhiteElo "2571"]
[BlackElo "2510"]
[TimeControl "180+1"]
[EndTime "9:57:28 PST"]
[Termination "Joachim100x won on time"]

1. e4 c5 2. Nf3 e6 3. d4 cxd4 4. Nxd4 Bc5 5. Nb3 Bb6 6. Qg4 Nf6 7. Qf3 d5 8. exd5 exd5 9. Nc3 Nc6 10. Bg5 Be6 11. O-O-O Bg4 12. Re1+ Be6 13. Bxf6 gxf6 14. Nxd5 O-O 15. Nxf6+ Kh8 16. Bd3 Nb4 17. Bxh7 Kg7 18.
Qg3+ Kxf6 19. Qe5+ Ke7 20. Qg5+ Ke8 21. Rxe6+ fxe6 22. Bg6+ Kd7 23. Rd1+ Nd5 24. Qg4 Kc7 25. c4 Rc8 26.
cxd5 Kb8+ 27. Kb1 exd5 28. f4 d4 29. f5 Qd6 30. h4 d3 31. Qf3 Rfd8 32. h5 Qc7 0-1

[Event "Early-Titled-Tuesday-Blitz-March-05-2024"]
[Site "Chess.com"]
[Date "2024.03.05"]
[Round "10"]
[White "Rud_2008"]
[Black "Jumbo"]
[Result "0-1"]
[WhiteElo "2727"]
[BlackElo "2918"]
[TimeControl "180+1"]
[EndTime "9:57:29 PST"]
[Termination "Jumbo won by resignation"]

1. e4 c6 2. Nf3 d5 3. d3 Qc7 4. exd5 cxd5 5. c4 Nf6 6. g3 g6 7.
Nc3 Qd8 8. Bg2 Bg7 9. O-O O-O 10. Re1 d4 11. Nb5 Nc6 12. Bf4 a6 13. Nc7 Ra7 14.
b4 Nh5 15. Nd5 e6 16. Bc7 Qd7 17. Bb6 exd5 18. cxd5 Qxd5 19. Nxd4 Qxd4 20. Bxd4 Nxd4 21. Rc1 b5 22. a4 Be6 23. a5 Rd7 24. Rc5 Nf6 25. h3 h5 26. Qd2 Rfd8 27. Qf4 Nd5 28. Qg5 Nxb4 29. Qh4 Nxd3 30. Rc7 Nxe1 31. Rxd7 Rxd7 32.
Qe4 Nxg2 33. Qa8+ Kh7 34. Qxa6 Bxh3 35. Qa8 Ne1 36. Kh2 Bg4 37. Qb8 Ndf3+ 38. Kh1 Rd1 0-1

[Event "Early-Titled-Tuesday-Blitz-March-05-2024"]
[Site "Chess.com"]
[Date "2024.03.05"]
[Round "10"]
[White "toninhojit"]
[Black "goldihouse"]
[Result "0-1"]
[WhiteElo "2498"]
[BlackElo "2648"]
[TimeControl "180+1"]
[EndTime "9:57:29 PST"]
[Termination "goldihouse won by resignation"]

1. d4 Nf6 2. c4 e6 3. Nf3 b6 4. g3 Ba6 5. b3 b5 6. cxb5 Bxb5 7.
Bg2 d5 8. O-O Nbd7 9. Nc3 Ba6 10. Na4 c5 11. Ba3 Rc8 12. Rc1 cxd4 13. Bxf8 Nxf8 14.
Qxd4 Bxe2 15. Rxc8 Qxc8 16. Re1 Bxf3 17. Bxf3 N8d7 18. Bxd5 O-O 19. Bc4 Qc7 20. Rd1 h5 21. Qd6 Qa5 22. Bf1 Rc8 23. Qd2 Qf5 24. Bd3 Qh3 25.
Bf1 Qf5 26. Bd3 Qf3 27. Be2 Qe4 28. Bd3 Qe5 29. Rc1 Rd8 30. Qe2 Qg5 31. f4 Qa5 32. Rd1 Rc8 33. Bc4 Qb4 34. Qd2 Rxc4 35. bxc4 Qxa4 36.
Rc1 Nc5 37. Qc2 Qa3 38. Rb1 Qe3+ 39. Kg2 Nfe4 40. Rd1 h4 41. Rd8+ Kh7 42. Rd1 hxg3 43. hxg3 Qxg3+ 44. Kf1 Qxf4+ 45. Kg1 Qg4+ 0-1

[Event "Early-Titled-Tuesday-Blitz-March-05-2024"]
[Site "Chess.com"]
[Date "2024.03.05"]
[Round "10"]
[White "EvgenyBurmakin"]
[Black "frequentblunders"]
[Result "1-0"]
[WhiteElo "2351"]
[BlackElo "2172"]
[TimeControl "180+1"]
[EndTime "9:57:30 PST"]
[Termination "EvgenyBurmakin won on time"]

1. e4 e6 2. d4 c5 3. d5 Nf6 4. Nc3 d6 5. Nf3 e5 6. h3 a6 7. a4 Be7 8. a5 O-O 9. Be3 Ne8 10. g4 g6 11. Bh6 Ng7 12. Rg1 f6 13. Qd2 Nd7 14. Qe3 Rf7 15. Nd2 g5 16. Be2 Nf8 17. Nf1 Ng6 18. Ng3 b5 19. axb6 Qxb6 20. Ra2 Bd7 21.
Nf5 Nxf5 22. gxf5 Nf4 23. h4 Qd8 24. hxg5 fxg5 25. Rxa6 Rxa6 26. Bxa6 Kh8 27. Bb7 Qg8 28. Bc6 Bc8 29. Nb5 1-0

[Event "Early-Titled-Tuesday-Blitz-March-05-2024"]
[Site "Chess.com"]
[Date "2024.03.05"]
[Round "10"]
[White "TigrVShlyape"]
[Black "GaiozNigalidze"]
[Result "1-0"]
[WhiteElo "2868"]
[BlackElo "2702"]
[TimeControl "180+1"]
[EndTime "9:57:31 PST"]
[Termination "TigrVShlyape won on time"]

1. e4 g6 2. d4 Bg7 3. c3 a6 4.
a4 d6 5. Bg5 Nd7 6. Nd2 c5 7.
d5 Ngf6 8. Ngf3 O-O 9. Be2 b6 10. O-O Rb8 11. Re1 b5 12. axb5 axb5 13. h3 b4 14. Qc2 bxc3 15. bxc3 Qc7 16. Bf1 Re8 17.
Nc4 Bb7 18. Na5 Ba8 19. Bf4 Nh5 20. Bh2 Ne5 21. Bxe5 dxe5 22. Qa4 e6 23. Bb5 Red8 24.
c4 Nf4 25. Rad1 Rb6 26. g3 Nh5 27. Nc6 Bxc6 28. dxc6 Rbb8 29. Rd7 Rxd7 30. cxd7 Nf6 31. Bc6 Rd8 32. Rd1 Bf8 33. Rb1 Qd6 34. Rb7 Be7 35. Kg2 h6 36. Ra7 h5 37. Qb5 Kg7 38. Qb7 Kg8 39. Qc7 Kg7 40. Nxe5 1-0

[Event "Early-Titled-Tuesday-Blitz-March-05-2024"]
[Site "Chess.com"]
[Date "2024.03.05"]
[Round "10"]
[White "Crazy_girl99"]
[Black "TheCavemanChess"]
[Result "1-0"]
[WhiteElo "2572"]
[BlackElo "2703"]
[TimeControl "180+1"]
[EndTime "9:57:32 PST"]
[Termination "Crazy_girl99 won by resignation"]

1. e4 Nc6 2. Nf3 d6 3. d4 Nf6 4. Nc3 g6 5. h3 Bg7 6. Be3 O-O 7. Bc4 e5 8. dxe5 Nxe5 9. Nxe5 dxe5 10. Qe2 c6 11. O-O b5 12. Bb3 a5 13. a3 Qe7 14. f3 Be6 15. Qf2 Rfd8 16. Bc5 Qe8 17. Rfd1 Bxb3 18. cxb3 Nh5 19. Bb6 Rdb8 20. Rd2 Bh6 21.
Rd6 Bf8 22. Rdd1 Nf4 23. Rac1 Ne6 24. Be3 Rd8 25. a4 b4 26. Ne2 c5 27. f4 Rxd1+ 28. Rxd1 Rd8 29. Rxd8 Qxd8 30. fxe5 Qd1+ 31. Kh2 Qxb3 32. Nf4 Nxf4 33. Bxf4 Qe6 34. Qd2 c4 35. Qd5 Qxd5 36. exd5 c3 37. bxc3 b3 38. Bc1 Bh6 39. Bb2 Bf4+ 40. Kg1 Bxe5 41. Kf2 Kf8 42. Ke3 Ke7 43.
Kd3 f5 44. Kc4 f4 45. Kxb3 g5 46. Kc4 h5 47. Kd3 Kf6 48. Bc1 g4 49. hxg4 hxg4 50. c4 Kf5 51. c5 g3 52. d6 Ke6 53. Ke4 1-0

[Event "Early-Titled-Tuesday-Blitz-March-05-2024"]
[Site "Chess.com"]
[Date "2024.03.05"]
[Round "10"]
[White "JoliyRoger"]
[Black "Kislov_Oleg"]
[Result "0-1"]
[WhiteElo "2421"]
[BlackElo "2565"]
[TimeControl "180+1"]
[EndTime "9:57:33 PST"]
[Termination "Kislov_Oleg won on time"]

1. Nf3 d5 2. c4 e6 3. e3 Nf6 4. b3 c5 5. Bb2 Nc6 6. cxd5 exd5 7. Bb5 Be7 8. O-O O-O 9. d4 Bg4 10. Bxc6 bxc6 11. dxc5 Bxc5 12. Nc3 Bd6 13. Ne2 Bxf3 14.
gxf3 Qe7 15. Rc1 Rac8 16. Ng3 Qe6 17. Kg2 Be5 18. Qd2 h5 19. Rg1 h4 20. Ne2 h3+ 21. Kf1 Bxh2 22. Rh1 Be5 23. Bxe5 Qxe5 24. Rxh3 g6 25. Kg2 Kg7 26. Rch1 Rh8 27. Ng3 Qg5 28. Qc3 Rxh3 29. Rxh3 c5 30. b4 c4 31. Rh4 Qxh4 0-1

[Event "Early-Titled-Tuesday-Blitz-March-05-2024"]
[Site "Chess.com"]
[Date "2024.03.05"]
[Round "10"]
[White "AttilaTurzo"]
[Black "xasid81"]
[Result "0-1"]
[WhiteElo "2478"]
[BlackElo "2576"]
[TimeControl "180+1"]
[EndTime "9:57:34 PST"]
[Termination "xasid81 won by resignation"]

1. d4 a6 2. e4 e6 3. c3 d5 4. e5 c5 5. Be3 Nc6 6. f4 cxd4 7. cxd4 Nge7 8. Nf3 Nf5 9. Bf2 Qb6 10. Qd2 Bd7 11.
Nc3 Na5 12. Be2 Rc8 13. O-O Nc4 14. Bxc4 Rxc4 15. g4 Ne7 16. b3 Rc8 17. Kh1 h5 18. gxh5 Nf5 19. Ne2 Bb4 20. Qd1 Rxh5 21. Rc1 Rxc1 22. Nxc1 Be7 23. Rg1 g6 24. Nd3 Bb5 25.
Nc5 Bxc5 26. dxc5 Qa5 27. Qd2 Qxd2 28. Nxd2 d4 29. Rg5 Rh3 30. Kg1 Rc3 31. h4 Rc1+ 32. Kh2 Rc2 33. Be1 Nxh4 34. Kh3 Nf5 35. Ne4 Bf1+ 36.
Kg4 Ne3+ 37. Kg3 Re2 38. Nd6+ Kd7 39. Ba5 Nf5+ 40. Nxf5 exf5 41. Kf3 Rxa2 42. b4 Be2+ 43. Kf2 Bg4+ 44. Ke1 d3 45. c6+ bxc6 46. e6+ Kxe6 47. Bb6 d2+ 0-1

[Event "Early-Titled-Tuesday-Blitz-March-05-2024"]
[Site "Chess.com"]
[Date "2024.03.05"]
[Round "10"]
[White "Flaccidmoves"]
[Black "bulletteemo"]
[Result "0-1"]
[WhiteElo "2463"]
[BlackElo "2600"]
[TimeControl "180+1"]
[EndTime "9:57:36 PST"]
[Termination "bulletteemo won by resignation"]

1. d4 Nf6 2. c4 e6 3. Nf3 c5 4. d5 d6 5. Nc3 exd5 6. cxd5 g6 7.
Bf4 Bg7 8. h3 O-O 9. e3 Re8 10.
Be2 a6 11. a4 Nbd7 12. Bxd6 Qb6 13. Bh2 Qxb2 14. Rc1 Nb6 15. O-O Bf5 16. d6 Rad8 17.
a5 Nc8 18. Na4 Qb4 19. Rc4 Qa3 20. Rxc5 Ne4 21. Rxf5 gxf5 22. d7 Rf8 23. dxc8=Q Rxd1 24. Qxf5 Rxf1+ 25. Bxf1 Qxa4 26. Nd4 Re8 27. Qg4 Qa2 28. Bg3 Nxg3 29. Qxg3 Qxa5 30. Bd3 Qe5 31. Nf5 Qxg3 0-1

[Event "Early-Titled-Tuesday-Blitz-March-05-2024"]
[Site "Chess.com"]
[Date "2024.03.05"]
[Round "10"]
[White "Shushik"]
[Black "Defenstrator"]
[Result "1-0"]
[WhiteElo "2564"]
[BlackElo "2451"]
[TimeControl "180+1"]
[EndTime "9:57:37 PST"]
[Termination "Shushik won by resignation"]

1. e4 e5 2. Nf3 Qe7 3. Nc3 c6 4. Be2 g6 5. d4 d6 6. O-O Bg7 7. Be3 Nf6 8. h3 O-O 9. Qd3 b5 10. a3 a6 11. b4 Nbd7 12. Rad1 a5 13. d5 axb4 14. axb4 cxd5 15. Nxd5 Nxd5 16. Qxd5 Ra4 17. Qxb5 Ra2 18. Qc4 Ra4 19. Qb3 Ra8 20. Qd5 Ra4 21.
c3 Nf6 22. Qb3 Bd7 23. Nd2 Rfa8 24. Bc4 Ra3 25. Qb2 Be6 26. Ra1 Rxa1 27. Rxa1 Rxa1+ 28. Qxa1 Bxc4 29. Nxc4 d5 30. exd5 Qb7 31. d6 Nd5 32.
Qa7 Qxa7 33. Bxa7 Kf8 34. Na5 Nxc3 35. Nc6 Nb5 36. d7 Bf6 37. Bc5+ Kg7 38. Be7 1-0

[Event "Early-Titled-Tuesday-Blitz-March-05-2024"]
[Site "Chess.com"]
[Date "2024.03.05"]
[Round "10"]
[White "margarita_2703"]
[Black "FredddieCroderg"]
[Result "1-0"]
[WhiteElo "2386"]
[BlackElo "2273"]
[TimeControl "180+1"]
[EndTime "9:57:38 PST"]
[Termination "margarita_2703 won by resignation"]

1. e4 c6 2. Nf3 d5 3. d3 g6 4. h3 Bg7 5. Nbd2 d4 6. g3 e5 7.
Bg2 c5 8. O-O Nc6 9. a3 Nge7 10.
Rb1 a5 11. b3 O-O 12. a4 h6 13. Ba3 b6 14. Nc4 Be6 15. Nh2 Rb8 16. f4 Qd7 17. g4 exf4 18. Rxf4 Ne5 19. Nf3 N7c6 20. Qf1 Nxf3+ 21.
Rxf3 Ne5 22. Rf4 Kh7 23. Qf2 g5 24. Rf3 Nxf3+ 25. Qxf3 Bxc4 26. dxc4 Be5 27. Rf1 f6 28. Bc1 Rbd8 29. Rd1 Rfe8 30. Rd3 Qg7 31. Qf5+ Qg6 32. Qf2 h5 33. Bf3 h4 34. Qg2 Bg3 35. Bd2 Re5 36.
c3 Rde8 37. cxd4 Rxe4 38. Bxe4 Rxe4 39. dxc5 Qe8 40. cxb6 Re2 41. Qf3 Rf2 42. Qe3 Qc6 43. Rd5 Rxd2 44. Qxd2 Qxb6+ 45. Qd4 Qxb3 46. Qd3+ Qxd3 47.
Rxd3 Kg6 48. Rd5 Kf7 49. Kg2 Ke6 50. Kf3 Bd6 51. Ke4 Bb4 52. Rf5 Bd6 53. c5 Be5 54. c6 Kd6 55. Rxe5 fxe5 56. c7 Kxc7 57. Kxe5 Kc6 58.
Kf5 Kc5 59. Kxg5 Kb4 60. Kxh4 Kxa4 61. g5 Kb3 62. g6 a4 63. g7 a3 64. g8=Q+ 1-0

[Event "Early-Titled-Tuesday-Blitz-March-05-2024"]
[Site "Chess.com"]
[Date "2024.03.05"]
[Round "10"]
[White "rhungaski"]
[Black "marik_spb"]
[Result "1-0"]
[WhiteElo "2600"]
[BlackElo "2456"]
[TimeControl "180+1"]
[EndTime "9:57:39 PST"]
[Termination "rhungaski won on time"]

1. e4 c6 2. d4 d5 3. e5 Bf5 4. g4 Bd7 5. Nc3 e6 6. Be3 c5 7. dxc5 Qc7 8. b4 Qxe5 9. Qd2 Nf6 10.
Nf3 Qc7 11. Bf4 Qd8 12. g5 Ne4 13. Nxe4 dxe4 14. Ne5 Nc6 15. Nxd7 Qxd7 16. Qxd7+ Kxd7 17. O-O-O+ Ke8 18. Bb5 f5 19. f3 Be7 20. Rhe1 Rf8 21. h4 Rd8 22. fxe4 fxe4 23. Rxe4 Rxd1+ 24. Kxd1 Kd7 25. c3 a6 26. Bc4 Nd8 27. Ke2 g6 28. a4 Rf5 29.
Bd3 Rf7 30. Be3 Bf8 31. b5 axb5 32. axb5 Rf5 33. Rd4+ Rd5 34. Be4 Rxd4 35. cxd4 Kc8 36. Kd3 Nf7 37. Kc4 Kc7 38. b6+ Kc8 39. Kb5 Nd8 40. Bf3 Kd7 41. Bg4 Bg7 42. d5 Ke7 43. c6 1-0

[Event "Early-Titled-Tuesday-Blitz-March-05-2024"]
[Site "Chess.com"]
[Date "2024.03.05"]
[Round "10"]
[White "Matols"]
[Black "Mariia89"]
[Result "1-0"]
[WhiteElo "2380"]
[BlackElo "2255"]
[TimeControl "180+1"]
[EndTime "9:57:39 PST"]
[Termination "Matols won on time"]

1. d4 Nf6 2. c4 c5 3. d5 b5 4.
cxb5 a6 5. bxa6 Bxa6 6. Nc3 d6 7. Nf3 g6 8. g3 Bg7 9. Bg2 O-O 10. O-O Nbd7 11. Rb1 Qb6 12. b3 Rfb8 13. Bd2 Ne8 14. Qc2 Nc7 15. a4 Qb7 16. Rfd1 Nf6 17. Be1 Qb4 18. Nb5 Qe4 19. Qxe4 Nxe4 20. Nxc7 Bxe2 21.
Nxa8 Bxd1 22. Rxd1 Rxa8 23. a5 Rb8 24. Rb1 e6 25.
dxe6 fxe6 26. a6 d5 27. Ba5 Ra8 28. Bf1 c4 29. bxc4 Rxa6 30. Be1 Ra2 31. cxd5 exd5 32. h4 h6 33. Rd1 Nf6 34. Ne5 Kh7 35. Bd3 Ne4 36.
Nf3 Nf6 37. Kg2 1-0

[Event "Early-Titled-Tuesday-Blitz-March-05-2024"]
[Site "Chess.com"]
[Date "2024.03.05"]
[Round "10"]
[White "Arteler"]
[Black "Alenzer"]
[Result "0-1"]
[WhiteElo "2381"]
[BlackElo "2169"]
[TimeControl "180+1"]
[EndTime "9:57:39 PST"]
[Termination "Alenzer won on time"]

1. Nf3 d5 2. d4 Nf6 3. c4 dxc4 4. Nc3 a6 5. e4 b5 6. e5 Nd5 7. a4 Nxc3 8. bxc3 c6 9. axb5 cxb5 10. g3 Bb7 11.
Bg2 e6 12. O-O Be7 13. Nh4 Bxg2 14. Nxg2 O-O 15. Qf3 Nd7 16. Qc6 Qc8 17. Qxc8 Rfxc8 18. Ba3 Kf8 19. Bxe7+ Kxe7 20. Ra5 Nb6 21. Ra3 Na4 22. Rfa1 f6 23. exf6+ gxf6 24. Ne1 Kd6 25. Nc2 a5 26. Rb1 Kc6 27. Ne3 Nb6 28. Rba1 a4 29. Nc2 Nd5 30.
Rb1 e5 31. dxe5 fxe5 32. Nb4+ Nxb4 33. Rxb4 Rd8 34. Rb1 Rd3 35. Re1 Kd6 36. Rb1 Rd5 0-1

[Event "Early-Titled-Tuesday-Blitz-March-05-2024"]
[Site "Chess.com"]
[Date "2024.03.05"]
[Round "10"]
[White "PavelShkapenko"]
[Black "1mbl4"]
[Result "0-1"]
[WhiteElo "2742"]
[BlackElo "2631"]
[TimeControl "180+1"]
[EndTime "9:57:40 PST"]
[Termination "1mbl4 won by resignation"]

1. e4 c5 2. c3 g6 3. d4 cxd4 4. cxd4 d5 5. Nc3 dxe4 6. Bc4 Bg7 7. Qb3 e6 8. d5 Nf6 9. dxe6 O-O 10. exf7+ Kh8 11. Be3 Nc6 12. Bc5 Na5 13. Qb4 Nxc4 14.
Bxf8 Qd2+ 15. Kf1 Qd3+ 16. Nge2 Bg4 17. Bxg7+ Kxg7 18. h3 Bxe2+ 19. Nxe2 Rf8 20. Re1 Rxf7 21. Kg1 e3 22. f3 Nd5 23. Qc5 Rf4 24. Kh2 Rh4 25. Rd1 Nd2 26. Rhe1 Qf5 27. Ng1 Qe5+ 28. Kh1 Ne7 29. Rxd2 Qxc5 30. Rd7 Kf8 31. Rd8+ Kf7 32.
Rd7 Rd4 33. Rxe3 Rxd7 0-1

[Event "Early-Titled-Tuesday-Blitz-March-05-2024"]
[Site "Chess.com"]
[Date "2024.03.05"]
[Round "10"]
[White "sokidze"]
[Black "subham777"]
[Result "1-0"]
[WhiteElo "2782"]
[BlackElo "2570"]
[TimeControl "180+1"]
[EndTime "9:57:41 PST"]
[Termination "sokidze won on time"]

1. d4 d5 2. c4 e6 3. Nc3 Nf6 4. cxd5 exd5 5. Bg5 c6 6. Qc2 Bd6 7. e3 O-O 8. Bd3 h6 9. Bh4 a5 10. Nf3 Na6 11. a3 Re8 12. Bg3 Bxg3 13. hxg3 Ng4 14. Ne2 Nc7 15. Nf4 Ne6 16. Bf5 Nxf4 17. gxf4 Qf6 18.
Bh7+ Kh8 19. Bd3 Qxf4 20. O-O-O Qf6 21. Kb1 Bd7 22. Rh4 Rac8 23. Rdh1 b6 24. R1h3 Nxe3 25. fxe3 Bxh3 26. Rf4 Qe7 27. gxh3 Qxe3 28. Rxf7 Rf8 29. Rxf8+ Rxf8 30. Ne5 Qxd4 31. Ng6+ Kg8 32. Nxf8 Kxf8 33.
Bg6 Qf6 34. h4 Qxh4 35. Qxc6 Qe1+ 36. Ka2 1-0

[Event "Early-Titled-Tuesday-Blitz-March-05-2024"]
[Site "Chess.com"]
[Date "2024.03.05"]
[Round "10"]
[White "ccccvhhhj"]
[Black "Szachulec75"]
[Result "1-0"]
[WhiteElo "2475"]
[BlackElo "2245"]
[TimeControl "180+1"]
[EndTime "9:57:41 PST"]
[Termination "ccccvhhhj won by resignation"]

1. e4 d6 2. d4 Nf6 3. Nc3 c6 4. f3 Nbd7 5. Be3 e5 6. Qd2 Be7 7. g4 O-O 8. O-O-O b5 9. h4 a5 10. Kb1 a4 11. h5 b4 12. Nce2 b3 13. cxb3 axb3 14. a3 d5 15. g5 Ne8 16. g6 Bxa3 17. gxh7+ Kh8 18. bxa3 Rxa3 19. Nc1 c5 20. Qb2 Ra7 21.
dxe5 d4 22. Bf4 Nb6 23. Bb5 Bd7 24. Bxd7 Qxd7 25. h6 g6 26. e6 Qxe6 27. Qxb3 c4 28. Qb5 Na4 29. Qe5+ Kxh7 30. Qxe6 fxe6 31. Rxd4 Rxf4 32.
Nh3 Rxf3 33. Ng5+ Kh8 34. Nxf3 Rb7+ 35. Ka2 Ra7 36. Rd8 Nc3+ 37. Kb2 Nxe4 38. Rxe8+ Kh7 39.
Rg1 c3+ 40. Kc2 Rf7 41. Ng5+ Nxg5 42. Rxg5 Kxh6 43. Rg1 Kg7 44. Rxe6 1-0

[Event "Early-Titled-Tuesday-Blitz-March-05-2024"]
[Site "Chess.com"]
[Date "2024.03.05"]
[Round "10"]
[White "stollenmonster"]
[Black "Oleksandr_Bortnyk"]
[Result "0-1"]
[WhiteElo "2890"]
[BlackElo "2990"]
[TimeControl "180+1"]
[EndTime "9:57:45 PST"]
[Termination "Oleksandr_Bortnyk won by resignation"]

1. e4 Nf6 2. Nc3 d6 3. g3 e5 4. Bg2 Be7 5. Nge2 c5 6. d3 Nc6 7.
h3 a6 8. O-O b5 9. Kh2 Be6 10. f4 Nd4 11. g4 Nxg4+ 12. hxg4 Bxg4 13. Qe1 Nxc2 14. Qf2 Nxa1 15. fxe5 O-O 16. Ng3 dxe5 17.
Nd5 Bd6 18. Nf5 Bxf5 19. Qxf5 Nc2 20. Qh5 f6 21. Bh3 Nd4 22. Rg1 Ra7 23. Be3 g6 24. Qg4 f5 25. exf5 Nxf5 26. Bg5 Be7 27. Nxe7+ Rxe7 28.
Qe4 Nd4 29. Kh1 Qd6 30. Bg2 Ref7 31. Qd5 Qxd5 32. Bxd5 Kg7 33. Bxf7 Rxf7 34. Re1 Nf3 0-1

[Event "Early-Titled-Tuesday-Blitz-March-05-2024"]
[Site "Chess.com"]
[Date "2024.03.05"]
[Round "10"]
[White "NewYearGirl"]
[Black "CarlosjPineror"]
[Result "1-0"]
[WhiteElo "2432"]
[BlackElo "2723"]
[TimeControl "180+1"]
[EndTime "9:57:45 PST"]
[Termination "NewYearGirl won by resignation"]

1. e4 c5 2. Nf3 e6 3. d4 cxd4 4. Nxd4 a6 5. c4 Qc7 6. Be3 Nf6 7. Bd3 Be7 8. O-O d6 9. f4 b6 10. Nc3 Bb7 11. Rc1 Nbd7 12. b4 Rc8 13. Qf3 Qb8 14. Qh3 Qa8 15. Nxe6 fxe6 16. Qxe6 Nf8 17.
Qh3 Qb8 18. Bd4 Rd8 19. e5 dxe5 20. Bxe5 Qc8 21. Bf5 Qc6 22. Rce1 Kf7 23. Bxf6 Bxf6 24. Nd5 Rxd5 25. cxd5 Qxd5 26. Kh1 Bc6 27. Bc2 Bb5 28. Be4 Qd7 29. Qb3+ Ne6 30. Bd5 Kf8 31. Bxe6 Qb7 32. Bd5 Qd7 33. Rf3 g6 34. Rfe3 Kg7 35. Be6 Qd6 36. Qd5 Rd8 37. Qxd6 Rxd6 38. f5 gxf5 39. Rg3+ Kh6 40. Bxf5 Bh4 41. Rh3 Kg5 42. g3 Bc6+ 43.
Be4 Re6 44. Rxh4 h5 45. Rf4 1-0

[Event "Early-Titled-Tuesday-Blitz-March-05-2024"]
[Site "Chess.com"]
[Date "2024.03.05"]
[Round "10"]
[White "ClauSanLuis"]
[Black "AA95"]
[Result "0-1"]
[WhiteElo "2341"]
[BlackElo "2495"]
[TimeControl "180+1"]
[EndTime "9:57:45 PST"]
[Termination "AA95 won by checkmate"]

1. d4 Nf6 2. Bg5 g6 3. Bxf6 exf6 4. e3 Bg7 5. c4 O-O 6. h4 f5 7. h5 c5 8. Nf3 Nc6 9. hxg6 hxg6 10. Nc3 Re8 11. Be2 d6 12. Qd2 f4 13. O-O-O fxe3 14. fxe3 cxd4 15. exd4 Bf5 16. Bd3 Bxd3 17. Qxd3 Rc8 18.
Nd5 b5 19. Kb1 bxc4 20. Qxc4 Nxd4 21. Qd3 Nxf3 22. Qxf3 Re5 23. Qh3 Rb8 24. b3 Re2 25. Rde1 Rb2+ 26. Kc1 Qg5+ 27. Ne3 Qc5+ 28. Kd1 Qd4+ 29.
Kc1 Rb1+ 30. Kc2 Qc3+ 31. Kxb1 Qb2# 0-1

[Event "Early-Titled-Tuesday-Blitz-March-05-2024"]
[Site "Chess.com"]
[Date "2024.03.05"]
[Round "10"]
[White "SharapovEvgeny"]
[Black "Egor_Koshulyan"]
[Result "0-1"]
[WhiteElo "2558"]
[BlackElo "2728"]
[TimeControl "180+1"]
[EndTime "9:57:46 PST"]
[Termination "Egor_Koshulyan won by resignation"]

1. e4 c5 2. Nf3 Nc6 3. d4 cxd4 4. Nxd4 Nf6 5. Nc3 e5 6. Ndb5 d6 7. Bg5 a6 8. Na3 Be6 9. Nc4 Rb8 10. Bxf6 Qxf6 11. Nxd6+ Bxd6 12. Qxd6 Rd8 13. Qc5 Nd4 14. Bd3 Rc8 15. Qd6 Rd8 16. Qc5 Qg5 17. Kf1 Rc8 18.
Qd6 Rc6 19. Qb8+ Rc8 20. Qd6 h5 21. h4 Qf4 22. Ne2 Nxe2 23. Kxe2 Rh6 24. Qb4 Qg4+ 25. Kf1 Rg6 26. Rh2 Qf4 27. Kg1 Bd5 28. Qe1 Bc4 29.
Qe3 Qxe3 30. fxe3 Bxd3 31. cxd3 Rc2 32. Kh1 Rg3 33. d4 Rxe3 34. dxe5 Rxe4 35. Rh3 Rxb2 36. a3 Rxe5 37. Rc1 Ree2 38. Rg3 g6 39. Rc7 Rec2 40. Re3+ Kf8 41. Ree7 Rxc7 42. Rxc7 b6 43. Rb7 a5 44.
a4 Rb4 45. g3 Kg7 46. Kg2 Kf6 47. Kf3 Ke6 48. Ke3 f6 49. Kf3 Kf5 50. Rb8 Rb3+ 51. Kf2 Kg4 52. Rg8 g5 53. hxg5 fxg5 54. Rg6 Rb2+ 55.
Ke3 Rb3+ 56. Ke4 Rxg3 57. Rxb6 Ra3 0-1

[Event "Early-Titled-Tuesday-Blitz-March-05-2024"]
[Site "Chess.com"]
[Date "2024.03.05"]
[Round "10"]
[White "amylazy"]
[Black "bylavochka"]
[Result "1-0"]
[WhiteElo "2434"]
[BlackElo "2346"]
[TimeControl "180+1"]
[EndTime "9:57:46 PST"]
[Termination "amylazy won on time"]

1. d4 Nf6 2. Nf3 g6 3. g3 Bg7 4. Bg2 O-O 5. O-O d5 6. c4 c6 7. Qb3 dxc4 8. Qxc4 Nbd7 9. Re1 Nb6 10.
Qc2 Nfd7 11. Nc3 e5 12. Bg5 Qc7 13. Rad1 exd4 14. Nb5 Qb8 15. Bf4 Ne5 16. Nbxd4 Bg4 17. Nxe5 Bxe5 18. Bh6 Re8 19. Nf3 Bh8 20. Qb3 Be6 21. Qc2 Bf5 22. e4 Bg4 23. h3 Bxf3 24. Bxf3 Qe5 25. b3 Rad8 26. Bf4 Qc3 27. Qe2 Qb2 28. Qe3 Bc3 29. Rxd8 Rxd8 30. Re2 Qa1+ 31.
Kg2 Bd4 32. Qd3 Bf6 33. Qc2 Rd1 34. Kh2 Bd4 35. Rd2 Rxd2 36. Qxd2 Nd7 37. Bg2 c5 38. Bh6 Qc3 39. Qg5 Bf6 40. Qd5 Qd4 41. Qxb7 Bg7 42. Qc8+ Nf8 43. Be3 Qb2 44. Bxc5 Qxa2 45. b4 Qb3 46. Qb8 a6 47. Qd6 Qc4 48. Qb8 h5 49. h4 1-0

[Event "Early-Titled-Tuesday-Blitz-March-05-2024"]
[Site "Chess.com"]
[Date "2024.03.05"]
[Round "10"]
[White "carloseduar100"]
[Black "Manukyan_Artak"]
[Result "1/2-1/2"]
[WhiteElo "2379"]
[BlackElo "2510"]
[TimeControl "180+1"]
[EndTime "9:57:46 PST"]
[Termination "Game drawn - insufficient material"]

1. e4 c6 2. Nf3 d5 3. Nc3 dxe4 4.
Nxe4 Nf6 5. Nxf6+ exf6 6. g3 Bg4 7. Bg2 Qe7+ 8. Qe2 Qxe2+ 9. Kxe2 Nd7 10. Re1 O-O-O 11.
Kf1 Bd6 12. d3 Rhe8 13. Bd2 Ne5 14. Nd4 h5 15. h3 Bd7 16. Nb3 g5 17. Bc3 h4 18. g4 Kc7 19. d4 Ng6 20. Rxe8 Rxe8 21.
Re1 Rxe1+ 22. Kxe1 Nf4 23. Bf1 Be6 24. Nd2 b5 25. a3 Bd5 26. f3 Kb6 27. Kf2 a5 28.
Ne4 Be7 29. Bd2 Ne6 30. c3 c5 31. dxc5+ Nxc5 32. Nxc5 Bxc5+ 33. Be3 Bc6 34. b4 axb4 35. axb4 Bxe3+ 36. Kxe3 Kc7 37. Bd3 Kd6 38. c4 bxc4 39.
Bxc4 Ke5 40. Bxf7 f5 41. gxf5 Kxf5 42. Bc4 Ke5 43. b5 Bd7 44. b6 Kd6 45. Bd5 Bxh3 46.
Be4 Bd7 47. Kf2 g4 48. fxg4 Bxg4 49. b7 Kc7 50. Kg2 Bd7 51. Kf3 Bb5 52. Kf4 Ba6 53. Kg4 Bxb7 54. Bxb7 Kxb7 55. Kxh4 1/2-1/2

[Event "Early-Titled-Tuesday-Blitz-March-05-2024"]
[Site "Chess.com"]
[Date "2024.03.05"]
[Round "10"]
[White "Iskusnyh"]
[Black "corvachesky"]
[Result "0-1"]
[WhiteElo "2683"]
[BlackElo "2524"]
[TimeControl "180+1"]
[EndTime "9:57:51 PST"]
[Termination "corvachesky won by checkmate"]

1. d4 Nf6 2. c4 e6 3. g3 d5 4. Bg2 Be7 5. Nf3 O-O 6. O-O c6 7. Qc2 b6 8. Rd1 Nbd7 9. b3 Bb7 10. Nc3 c5 11. cxd5 Nxd5 12. Nxd5 Bxd5 13. e4 Bb7 14. Bb2 Qc8 15. Rac1 cxd4 16. Qe2 Qe8 17. Nxd4 Nc5 18.
e5 Bxg2 19. Kxg2 Rd8 20. Qf3 Rd5 21. h4 Rxe5 22. Nc6 Rf5 23. Nxe7+ Qxe7 24. Qg4 f6 25. Rc4 Qb7+ 26. Kg1 Qf3 27. Qxf3 Rxf3 28. Rcd4 e5 29.
Rd6 Ne4 30. Rd7 Rxf2 31. Ba3 Rc8 32. Rxa7 h5 33. Rdd7 Kh7 34. Rxg7+ Kh6 35. Rh7+ Kg6 36. Rag7+ Kf5 37. Rxh5+ Ke6 38. Rhh7 Rcc2 39. Re7+ Kf5 40. Rhg7 Rg2+ 41. Kf1 Rcf2+ 42. Ke1 Rg1# 0-1